 Dungeon Crawl Stone Soup version 0.29-a0-1018-g6b6670bd90 (webtiles) character file.

Game seed: 2746516172168048778

160223 PentaManta the Brawler (level 17, -19/156 HPs)
             Began as a Ghoul Monk on Aug 10, 2022.
             Was a High Priest of Nemelex Xobeh.
             Blown up by an orb spider (50 damage)
             ... with an orb of destruction
             ... on level 4 of the Spider Nest.
             The game lasted 02:48:09 (42182 turns).

PentaManta the Brawler (Ghoul Monk)                Turns: 42182, Time: 02:48:10

Health: -19/156    AC: 27    Str: 18 (23) XL:     17   Next: 76%
Magic:  25/25      EV: 21    Int:  2 (10) God:    Nemelex Xobeh [*****.]
Gold:   2023       SH: 17    Dex: 17 (18) Spells: 8/16 levels left

rFire   . . .      SeeInvis .     - Unarmed
rCold   + . .      Faith    .   m - +0 tower shield
rNeg    + + +      Spirit   .   C - +3 chain mail {rN+}
rPois   ∞          Reflect  .   v - +0 helmet
rElec   .          Harm     .   z - scarf {repulsion}
rCorr   .          Rampage  .   p - +1 pair of gloves {Dex+3}
Will    +....                   N - +1 pair of boots
Stlth   ..........              F - amulet of Urupnoor {Acrobat Int+5 Dex+4}
HPRegen 0.00/turn               t - ring of flight
MPRegen 0.19/turn               x - +4 ring of protection

@: acrobatic, flying, inhibited regen, repel missiles
A: claws 1, cold resistance 1, negative energy resistance 3, inhibited
regeneration, torment resistance 2, devour on kill
a: Renounce Religion, Draw Escape, Draw Destruction, Draw Summoning, Triple
Draw, Deal Four, Stack Five


You were on level 4 of the Spider Nest.
You worshipped Nemelex Xobeh.
Nemelex Xobeh was extremely pleased with you.
You visited 5 branches of the dungeon, and saw 27 of its levels.
You also visited: Gauntlet.

You collected 2956 gold pieces.
You spent 933 gold pieces at shops.

Inventory:

Missiles
 A - 3 throwing nets
 I - 12 curare-tipped darts
 M - 9 javelins
Armour
 m - a +0 tower shield (worn)
 p - a +1 pair of gloves of dexterity (worn)
 s - the +0 buckler of Melancholy {Dex+3}
   (You bought it in a shop on level 2 of the Orcish Mines)

   Dex:       It affects your dexterity (+3).
 v - a +0 helmet (worn)
 z - a scarf of repulsion (worn)
 C - a +3 chain mail of positive energy (worn)
 N - a +1 pair of boots (worn)
Jewellery
 a - an amulet of regeneration
 d - a ring of ice
 f - a ring of magical power
 t - a ring of flight (left hand)
 x - a +4 ring of protection (right hand)
 F - the amulet of Urupnoor (around neck) {Acrobat Int+5 Dex+4}
   (You found it on level 14 of the Dungeon)

   [amulet of the acrobat]

   It increases your evasion while moving and waiting.
   Int:       It affects your intelligence (+5).
   Dex:       It affects your dexterity (+4).
 J - the ring "Wutom" {Wiz Str+5}
   (You found it in a Gauntlet)

   [ring of wizardry]

   It improves your spell success rate.
   Str:       It affects your strength (+5).
 K - an amulet of guardian spirit
 L - an amulet of reflection
 P - a ring of protection from cold
 V - a ring of wizardry
Wands
 u - a wand of charming (11)
 E - a wand of digging (31)
 R - a wand of iceblast (10)
 X - a wand of flame (11)
Scrolls
 b - 3 scrolls of poison
 c - 9 scrolls of fog
 e - 3 scrolls of enchant weapon
 j - 9 scrolls of amnesia
 k - a scroll of torment
 o - 11 scrolls of teleportation
 q - 3 scrolls of fear
 y - 5 scrolls of enchant armour
 B - a scroll of silence
 D - a scroll of magic mapping
 G - 3 scrolls of summoning
Potions
 g - a potion of invisibility
 h - 3 potions of resistance
 i - 3 potions of curing
 l - 4 potions of brilliance
 n - 4 potions of might
 r - 8 potions of ambrosia
 H - a potion of magic
 O - 4 potions of attraction
 S - 3 potions of haste
 U - a potion of cancellation
Miscellaneous
 Q - a tin of tremorstones (2/2)
 Y - a piece from Xom's chessboard (15/15)
 Z - a phantom mirror


   Skills:
 - Level 15.0 Fighting
 - Level 15.0 Armour
 - Level 2.6 Dodging
 - Level 2.1 Stealth
 + Level 9.6 Shields
 - Level 20.0 Unarmed Combat
 - Level 13.0 Invocations


You had 8 spell levels left.
You knew the following spells:

 Your Spells              Type           Power      Damage    Failure   Level
a - Manifold Assault      Tloc           0%         N/A       100%        5
b - Apportation           Tloc           0%         N/A       100%        1
c - Blink                 Tloc           0%         N/A       100%        2

Your spell library contained the following spells:

 Spells                   Type           Power      Damage    Failure   Level
 Magic Dart               Conj           0%         1d3       100%        1
 Necrotise                Necr           0%         1d4       100%        1
 Summon Small Mammal      Summ           0%         N/A       100%        1
 Call Imp                 Summ           0%         N/A       100%        2
 Searing Ray              Conj           0%         2d4       100%        2
 Dazzling Flash           Conj/Hex       0%         N/A       100%        3
 Lesser Beckoning         Tloc           0%         N/A       100%        3
 Mephitic Cloud           Conj/Pois/Air  0%         N/A       100%        3
 Vampiric Draining        Necr           0%         2d6       100%        3
 Animate Armour           Summ/Erth      0%         N/A       100%        4
 Fulminant Prism          Conj/Hex       0%         3d6       100%        4
 Leda's Liquefaction      Hex/Erth       0%         N/A       100%        4
 Petrify                  Tmut/Erth      0%         N/A       100%        4
 Agony                    Necr           0%         N/A       100%        5
 Alistair's Intoxication  Tmut/Pois      0%         N/A       100%        5
 Iskenderun's Battlesphe  Conj           0%         2d6       100%        5
 Lee's Rapid Deconstruct  Erth           0%         3d5*      100%        5
 Metabolic Englaciation   Hex/Ice        0%         N/A       100%        5
 Silence                  Hex/Air        0%         N/A       100%        5
 Iron Shot                Conj/Erth      0%         9d1       100%        6
 Spellforged Servitor     Conj/Summ      0%         N/A       100%        7
 Statue Form              Tmut/Erth      Unusable   N/A       N/A         6

Dungeon Overview and Level Annotations

Branches:
Dungeon (15/15)            Temple (1/1) D:7            Lair (5/5) D:8
  Swamp (0/4) Lair:3       Spider (4/4) Lair:3        Slime (0/5) Lair:4
    Orc (2/2) D:9             Elf (0/3) Orc:2        Vaults (0/5) D:13
 Depths (0/4) D:15        Gauntlet (visited)

Altars:
Ashenzari
Cheibriados
Dithmenos
Fedhas
Gozag
Hepliaklqana
Kikubaaqudgha
Makhleb
Nemelex Xobeh
Okawaru
Qazlal
Ru
Sif Muna
Trog
Uskayaw
Vehumet
Wu Jian
Xom
Yredelemnul
Jiyva
Lugonu

Shops:
D:5 (   Orc:2 [([*

Portals:
Abyss: Lair:4

Annotations:
Lair:4 3 runed translucent doors, crawlogic's ghost, journeyman FeSu


Innate Abilities, Weirdness & Mutations

You are immune to poison.
You have sharp fingernails.
Your flesh is cold resistant. (rC+)
You are immune to negative energy. (rN+++)
You do not regenerate when monsters are visible.
You are immune to unholy pain and torment.
You thrive by killing the living.


Message History

You barely miss the culicivora. You block the culicivora's attack.
The orb spider is healed somewhat.
You miss the culicivora. The orb of destruction hits you!!!
You block the culicivora's attack.
You pummel the culicivora!!
The culicivora is heavily wounded.
The orb spider is healed somewhat.
You hit the culicivora.
The culicivora is heavily wounded.
The orb spider's wounds heal themselves!
The orb spider pulsates with a strange energy.
You block the culicivora's attack.
You punch the culicivora!
The culicivora is almost dead.
The orb spider spins a strand of pure energy.
The culicivora bites you but does no damage.
You barely miss the culicivora.
The culicivora is almost dead.
The culicivora completely misses you.
The orb spider weaves a glowing orb of energy.
An orb of destruction comes into view.
You miss the culicivora.
The culicivora is almost dead.
The culicivora bites you but does no damage.
You block the culicivora's attack.
You hit the culicivora.
The culicivora is almost dead.
The orb of destruction hits you!!!
* * * LOW HITPOINT WARNING * * *
You block the culicivora's attack.
The orb spider spins a strand of pure energy.
Unknown command.
The orb spider weaves a glowing orb of energy.
The culicivora completely misses you.
An orb of destruction comes into view.
The orb spider pulsates with a strange energy.
The culicivora attacks as you move away!
The culicivora completely misses you. The orb of destruction hits you!!!
You die...
Your body glows slightly and disappears.

.............^#
...<....^...........##
.....(...........^...##
.^.............s.s....#^
...............°.○....^.
..s.............°..^....
................○.....#
...............s○....##
<^.s..<..$......@...##
...........^....<..$#
......^.....^......##
...^...............#
..............^....#
..........^.......^#
..^................#
...................#
............#


You could see 2 orb spiders and a culicivora.

Vanquished Creatures
  Kirke (D:15)
  Roxanne (D:15)
  The ghost of Kixze Teama the Eclecticist, an adept DjCj of Gozag (D:15)
  2 ghost moths (Spider:3)
  A broodmother (Spider:2)
  The ghost of Ekhlusag the Force of Nature, a journeyman MfGl of Fedhas (D:14)
  3 entropy weavers
  A minotaur (Gauntlet)
  2 spark wasps
  Josephine (D:15)
  13 hydras
  3 vault guards (D:13)
  2 boulder beetles
  3 catoblepae (Lair:5)
  Fannar (D:12)
  Erica (Orc:1)
  A death knight (D:15)
  An ogre mage (D:13)
  5 jorogumos
  An anaconda (Lair:4)
  3 centaur warriors
  2 radroaches
  6 two-headed ogres
  A vampire mage (D:15)
  12 death yaks (Lair:5)
  Urug (D:10)
  A dancing weapon (D:14)
  Sonja (D:10)
  A sun moth (Spider:3)
  5 skeletal warriors
  A pharaoh ant (Spider:3)
  A sea snake (D:10)
  7 orb spiders
  A spark wasp zombie (D:15)
  3 bog bodies (Lair:3)
  10 steelbarb worms
  A glowing orange brain (Spider:3)
  4 wizards
  A phantasmal warrior (D:15)
  2 orc knights (D:13)
  2 lindwurms
  Pikel (D:5)
  A necromancer (D:15)
  An obsidian statue (D:14)
  2 ugly things
  4 orc sorcerers
  16 wolf spiders
  6 cyclopes
  6 manticores
  7 elephants
  10 black mambas
  A guardian serpent (Spider:3)
  2 torpor snails
  A moth of wrath (Spider:3)
  A frost giant skeleton (D:15)
  A kobold demonologist (D:12)
  A rust devil (Gauntlet)
  An eye of devastation (D:14)
  3 minotaur zombies (Gauntlet)
  3 unseen horrors
  2 gargoyles
  Maggie (D:7)
  7 cane toads
  11 demonic crawlers
  14 komodo dragons
  2 efreet
  A spriggan skeleton (D:15)
  2 freezing wraiths (D:15)
  3 rime drakes
  5 yaktaurs
  4 meliai
  10 trolls
  6 polar bears
  A hornet (D:8)
  26 tarantellas
  A merfolk (Spider:3)
  5 slime creatures
  22 blink frogs
  12 jumping spiders
  4 centaur simulacra
  5 shadows
  A spriggan (D:10)
  23 culicivoras
  A ynoxinul (Gauntlet)
  79 yaks
  3 wyverns
  A human (shapeshifter) (D:14)
  49 redbacks
  10 wraiths
  2 steam dragons
  5 hogs
  2 vampire mosquitoes (D:13)
  A basilisk (Lair:2)
  4 wargs
  A swamp worm (Lair:3)
  A two-headed ogre zombie (D:9)
  Duvessa (D:6)
  An acid dragon (D:11)
  21 water moccasins
  A tengu zombie (D:15)
  An ice beast (D:5)
  13 orc warriors
  A sky beast (D:8)
  6 black bears (Lair:3)
  A tengu (D:8)
  4 ogres
  15 centaurs
  4 lemures
  2 phantoms
  A kobold brigand (D:7)
  A necrophage (D:7)
  Blork the orc (D:6)
  7 bullfrogs
  3 scorpions
  A hornet simulacrum (Gauntlet)
  Dowan (D:6)
  3 troll zombies (D:9)
  13 killer bees
  5 howler monkeys
  An electric eel (Lair:3)
  5 hounds
  9 orc priests
  2 jellies
  A gnoll bouda (D:5)
  2 iron imps (Gauntlet)
  4 iguanas
  35 orc wizards
  4 ogre zombies (D:9)
  A boggart simulacrum (Gauntlet)
  5 gnolls
  11 adders
  4 shadow imps
  A white imp (D:8)
  A worm (D:2)
  2 dart slugs
  76 orcs
  9 bats
  11 endoplasms
  6 giant cockroaches
  8 goblins
  9 hobgoblins
  5 jackals
  3 quokkas
  8 ball pythons
  6 frilled lizards
  A goblin skeleton (D:9)
  A goblin zombie (D:9)
  4 hobgoblin skeletons (D:9)
  4 hobgoblin zombies (D:9)
  12 kobolds
  2 orc skeletons (D:9)
  13 orc zombies (D:9)
  6 rats
  A lurking horror (Lair:4)
886 creatures vanquished.

Vanquished Creatures (collateral kills)
  A broodmother (Spider:3)
  4 skeletal warriors (D:12)
  A cyclops (D:12)
  A cane toad (D:9)
  Psyche (D:9)
  A demonic crawler (Spider:3)
  2 tarantellas (Spider:1)
  2 culicivoras
  3 yaks (D:9)
  2 redbacks (Spider:1)
  A black bear (Lair:2)
  3 wolves (D:9)
  A gnoll sergeant (D:9)
  A killer bee (D:9)
  A howler monkey (D:9)
  2 gnolls (D:9)
  A kobold (D:9)
  A lurking horror (Lair:4)
29 creatures vanquished.

Vanquished Creatures (others)
  An unseen horror (D:14)
  3 culicivoras (Spider:4)
  A jumping spider (Spider:3)
  An orc (Orc:2)
  15 fungi
  30 plants
  3 withered plants
54 creatures vanquished.

Grand Total: 969 creatures vanquished

Notes
Turn   | Place    | Note
-------+----------+-------------------------------------------
     0 | D:1      | PentaManta the Ghoul Monk began the quest for the Orb.
     0 | D:1      | Reached XP level 1. HP: 19/19 MP: 0/0
    19 | D:1      | Noticed a demonspawn zombie
    21 | D:1      | Noticed a minotaur zombie
   396 | D:1      | Reached XP level 2. HP: 24/26 MP: 1/1
   437 | D:1      | Reached skill level 4 in Unarmed Combat
   543 | D:1      | Found a faded altar of an unknown god.
   913 | D:1      | Reached XP level 3. HP: 6/31 MP: 2/2
  1474 | D:2      | Reached skill level 5 in Unarmed Combat
  1731 | D:2      | Reached XP level 4. HP: 38/38 MP: 3/3
  1738 | D:2      | Found a broken altar of Ashenzari.
  2700 | D:3      | Reached skill level 6 in Unarmed Combat
  2778 | D:3      | Reached XP level 5. HP: 45/45 MP: 4/4
  3616 | D:4      | Reached XP level 6. HP: 39/52 MP: 5/5
  3796 | D:4      | Found a sparkling altar of Nemelex Xobeh.
  3802 | D:4      | Became a worshipper of Nemelex Xobeh the Trickster
  3802 | D:4      | Reached * piety under Nemelex Xobeh
  3802 | D:4      | Received a gift from Nemelex Xobeh
  3802 | D:4      | Reached ** piety under Nemelex Xobeh
  3910 | D:4      | Found a hide-covered altar of Uskayaw.
  3946 | D:5      | Entered Level 5 of the Dungeon
  4001 | D:5      | Reached skill level 7 in Unarmed Combat
  4047 | D:5      | Received a gift from Nemelex Xobeh
  4206 | D:5      | Reached XP level 7. HP: 40/60 MP: 6/6
  4285 | D:5      | Reached skill level 5 in Fighting
  4285 | D:5      | Reached skill level 8 in Unarmed Combat
  4314 | D:5      | Noticed Pikel
  4345 | D:5      | Found Xizoc's Antique Weapon Shoppe.
  4406 | D:5      | Killed Pikel
  4407 | D:5      | Reached skill level 9 in Unarmed Combat
  4407 | D:5      | Reached XP level 8. HP: 37/70 MP: 7/7
  4837 | D:5      | Reached skill level 10 in Unarmed Combat
  4851 | D:5      | Found the +7 staff of the Meek {protect, meekguard}
  5061 | D:6      | Noticed Blork the orc
  5077 | D:6      | Killed Blork the orc
  5232 | D:6      | Reached XP level 9. HP: 79/79 MP: 8/8
  5416 | D:6      | Noticed Dowan
  5417 | D:6      | Noticed Duvessa
  5423 | D:6      | Killed Dowan
  5424 | D:6      | Reached skill level 11 in Unarmed Combat
  5424 | D:6      | Killed Duvessa
  5468 | D:6      | Received a gift from Nemelex Xobeh
  5568 | D:6      | Found an opulent altar of Gozag.
  5585 | D:6      | Found a shimmering blue altar of Sif Muna.
  5805 | D:7      | Identified the +6 shortbow of Woqoad {speed, Str+4}
  5826 | D:7      | Reached *** piety under Nemelex Xobeh
  5841 | D:7      | Reached skill level 1 in Armour
  5895 | D:7      | Received a gift from Nemelex Xobeh
  5959 | D:7      | Found a staircase to the Ecumenical Temple.
  5969 | Temple   | Entered the Ecumenical Temple
  5969 | Temple   | Found a transporter.
  5969 | Temple   | Found a transporter.
  5971 | Temple   | Found a transporter.
  5971 | Temple   | Found a transporter.
  6093 | D:7      | Noticed Maggie
  6107 | D:7      | Killed Maggie
  6661 | D:8      | Found a staircase to the Lair.
  6959 | D:8      | Noticed Joseph
  6969 | D:8      | Noticed Joseph
  6969 | D:8      | Joseph changed into Joseph the tengu
  6972 | D:8      | Reached skill level 10 in Fighting
  6981 | D:8      | Killed Joseph the tengu
  7106 | D:8      | Reached XP level 10. HP: 75/94 MP: 7/9
  7808 | D:9      | Found a shadowy altar of Dithmenos.
  7850 | D:9      | Received a gift from Nemelex Xobeh
  7892 | D:9      | Reached skill level 12 in Unarmed Combat
  7908 | D:9      | Reached skill level 5 in Armour
  8203 | D:9      | Found a radiant altar of Vehumet.
  8316 | D:9      | Noticed a two-headed ogre
  8316 | D:9      | Reached **** piety under Nemelex Xobeh
  8324 | D:9      | Killed a two-headed ogre
  8325 | D:9      | Reached skill level 13 in Unarmed Combat
  8325 | D:9      | Reached XP level 11. HP: 35/102 MP: 3/10
  8328 | D:9      | Identified the -1 quarterstaff of the Ass {flame, Str+6}
  8346 | D:9      | Noticed Psyche
  8349 | D:9      | Noticed Grum
  8351 | D:9      | Noticed Grum
  8351 | D:9      | Grum changed into Grum the killer bee
  8358 | D:9      | Killed Psyche
  8363 | D:9      | Killed Grum the killer bee
  8628 | D:9      | Found an ornate altar of the Wu Jian Council.
  8707 | D:9      | Reached skill level 14 in Unarmed Combat
  9295 | D:9      | Received a gift from Nemelex Xobeh
  9426 | D:9      | Found a staircase to the Orcish Mines.
  9513 | D:9      | Found a bloodstained altar of Trog.
  9535 | D:9      | Found a shimmering altar of Xom.
  9699 | D:10     | Entered Level 10 of the Dungeon
  9860 | D:10     | Noticed a two-headed ogre
  9863 | D:10     | Noticed a sea snake
  9863 | D:10     | a two-headed ogre changed into a sea snake
  9872 | D:10     | Killed a sea snake
  9972 | D:10     | Received a gift from Nemelex Xobeh
 10099 | D:10     | Noticed Urug
 10109 | D:10     | Killed Urug
 10110 | D:10     | Reached skill level 15 in Unarmed Combat
 10364 | D:10     | Noticed a two-headed ogre
 10368 | D:10     | Noticed a two-headed ogre
 10374 | D:10     | Killed a two-headed ogre
 10375 | D:10     | Reached XP level 12. HP: 106/110 MP: 11/11
 10380 | D:10     | Killed a two-headed ogre
 10707 | D:10     | Identified the +4 longbow of Nucki {freeze, rPois rF+ Dex-5
                  | Stlth+}
 10722 | D:10     | Noticed Sonja
 10725 | D:10     | Killed Sonja
 10789 | D:11     | Reached ***** piety under Nemelex Xobeh
 10810 | D:11     | Reached skill level 16 in Unarmed Combat
 10926 | D:11     | Received a gift from Nemelex Xobeh
 10939 | D:11     | Noticed an eight-headed hydra
 10944 | D:11     | Killed an eight-headed hydra
 11563 | D:11     | Received a gift from Nemelex Xobeh
 11607 | D:11     | Noticed a two-headed ogre
 11621 | D:11     | Killed a two-headed ogre
 12520 | D:11     | Reached skill level 17 in Unarmed Combat
 12545 | D:11     | Noticed a two-headed ogre
 12683 | D:11     | Killed a two-headed ogre
 12789 | D:11     | Reached skill level 10 in Armour
 13240 | D:12     | Reached XP level 13. HP: 116/116 MP: 12/12
 13487 | D:12     | Received a gift from Nemelex Xobeh
 14157 | D:12     | Noticed Fannar
 14167 | D:12     | Killed Fannar
 15077 | D:13     | Noticed a vault guard
 15180 | D:13     | Received a gift from Nemelex Xobeh
 17596 | D:13     | Killed a vault guard
 17604 | D:13     | Noticed a vault guard
 17917 | Lair:1   | Entered Level 1 of the Lair of Beasts
 17957 | Lair:1   | Received a gift from Nemelex Xobeh
 18339 | Lair:1   | Reached XP level 14. HP: 67/124 MP: 13/13
 19392 | Lair:2   | Received a gift from Nemelex Xobeh
 19549 | Lair:2   | Reached ****** piety under Nemelex Xobeh
 19934 | Lair:2   | Received a gift from Nemelex Xobeh
 19944 | Lair:2   | Reached skill level 15 in Armour
 20477 | Lair:2   | Identified the +5 executioner's axe of Punishment {vorpal,
                  | rPois rN+ rCorr}
 20478 | Lair:2   | HP: 6/124 [black mamba (11)]
 20849 | Lair:3   | Reached skill level 1 in Invocations
 21429 | Lair:3   | Found a hole to the Spider Nest.
 21457 | Lair:3   | Reached skill level 5 in Invocations
 21501 | Lair:3   | Received a gift from Nemelex Xobeh
 21773 | Lair:3   | Received a gift from Nemelex Xobeh
 21780 | Lair:3   | Learned a level 5 spell: Manifold Assault
 21782 | Lair:3   | Learned a level 1 spell: Apportation
 21785 | Lair:3   | Learned a level 2 spell: Blink
 22046 | Lair:3   | Found a staircase to the Swamp.
 22390 | Lair:4   | Found a runed translucent gate.
 22391 | Lair:4   | Found a runed translucent gate.
 22391 | Lair:4   | Noticed a quicksilver ooze
 22394 | Lair:4   | Found a runed translucent gate.
 22394 | Lair:4   | Noticed an acid blob
 22396 | Lair:4   | Noticed an acid blob
 22396 | Lair:4   | Noticed an azure jelly
 22396 | Lair:4   | Noticed crawlogic's ghost (journeyman FeSu)
 22411 | Lair:4   | Identified a scroll of acquirement
 22411 | Lair:4   | Acquired a scarf of repulsion
 22432 | Lair:4   | Found a one-way gate to the infinite horrors of the Abyss.
 22476 | Lair:4   | Received a gift from Nemelex Xobeh
 22482 | Lair:4   | Found a gate leading to a gauntlet.
 22509 | Gauntlet | Entered a Gauntlet
 22509 | Gauntlet | Found a transporter.
 22509 | Gauntlet | Found a transporter.
 22564 | Gauntlet | Found a transporter.
 22568 | Gauntlet | Found a transporter.
 22580 | Gauntlet | Found a transporter.
 22589 | Gauntlet | Found a transporter.
 22610 | Gauntlet | Found a transporter.
 22628 | Gauntlet | Found a transporter.
 22632 | Gauntlet | Found a transporter.
 22643 | Gauntlet | Found a transporter.
 22644 | Gauntlet | Found a transporter.
 22649 | Gauntlet | Received a gift from Nemelex Xobeh
 22710 | Gauntlet | Identified the amulet "Bowish" {RegenMP rPois}
 22724 | Gauntlet | Found a transporter.
 22738 | Gauntlet | Identified the ring "Wutom" {Wiz Str+5}
 22934 | Gauntlet | Identified the +0 robe of the Wilderness {Archmagi}
 23132 | Lair:4   | Found a staircase to the Slime Pits.
 23132 | Lair:4   | Found a viscous altar of Jiyva.
 23159 | Lair:4   | Reached XP level 15. HP: 130/130 MP: 19/21
 23246 | Lair:4   | Found a corrupted altar of Lugonu.
 23321 | Lair:4   | Noticed an acid blob
 23388 | Lair:4   | Received a gift from Nemelex Xobeh
 23467 | Lair:4   | Reached skill level 10 in Invocations
 23882 | Lair:4   | Found a viscous altar of Jiyva.
 24023 | Lair:5   | Entered Level 5 of the Lair of Beasts
 25824 | Lair:5   | Received a gift from Nemelex Xobeh
 26258 | Orc:1    | Entered Level 1 of the Orcish Mines
 26380 | Orc:1    | Noticed Erica
 26406 | Orc:1    | Killed Erica
 26721 | Orc:1    | Received a gift from Nemelex Xobeh
 26913 | Orc:2    | Entered Level 2 of the Orcish Mines
 26956 | Orc:2    | Found a staircase to the Elven Halls.
 27439 | Orc:2    | Found Koon's Antique Armour Boutique.
 27479 | Orc:2    | Found Gugreat's General Store.
 27496 | Orc:2    | Bought a scroll of enchant armour for 105 gold pieces
 27496 | Orc:2    | Bought a scroll of fog for 56 gold pieces
 27520 | Orc:2    | Received a gift from Nemelex Xobeh
 27618 | Orc:2    | Found Deedywie's Antique Armour Boutique.
 27642 | Orc:2    | Bought a crude buckler for 275 gold pieces
 27642 | Orc:2    | Identified the +0 buckler of Melancholy {Dex+3} (You bought
                  | it in a shop on level 2 of the Orcish Mines)
 27646 | Orc:2    | Found Firer's Antique Weapon Emporium.
 28518 | D:14     | Found a runed translucent door.
 28519 | D:14     | Found a shimmering altar of Xom.
 28519 | D:14     | Noticed Ekhlusag's ghost (journeyman MfGl)
 28535 | D:14     | Found a transporter.
 28535 | D:14     | Noticed a fire giant
 28592 | D:14     | Found a transporter.
 28606 | D:14     | Reached skill level 1 in Shields
 29093 | Orc:2    | Bought a shiny chain mail for 217 gold pieces
 29128 | Orc:2    | Bought a piece from Xom's chessboard (15/15) for 280 gold
                  | pieces
 29352 | D:14     | Received a gift from Nemelex Xobeh
 29517 | D:14     | Reached XP level 16. HP: 89/141 MP: 24/24
 30262 | D:14     | Killed Ekhlusag's ghost
 30587 | D:15     | Entered Level 15 of the Dungeon
 30759 | D:15     | Noticed Kirke
 30775 | D:15     | Killed Kirke
 30776 | D:15     | Reached skill level 5 in Shields
 30799 | D:15     | Found a staircase to the Depths.
 31026 | D:15     | Noticed Josephine
 31040 | D:15     | Killed Josephine
 31041 | D:15     | Reached skill level 18 in Unarmed Combat
 31865 | D:15     | Identified Roxanne's Catalogue of the Ground
 31865 | D:15     | Noticed Roxanne
 31879 | D:15     | Found a runed translucent gate.
 31880 | D:15     | Found a runed translucent gate.
 31880 | D:15     | Noticed Kixze Teama's ghost (adept DjCj)
 31881 | D:15     | Found a runed translucent gate.
 31894 | D:15     | Received a gift from Nemelex Xobeh
 32411 | D:15     | Killed Kixze Teama's ghost
 32970 | D:15     | Killed Roxanne
 33356 | D:14     | Identified the +1 arbalest "Rageq" {freeze, rC+ Str+3
                  | Dex+7}
 33357 | D:14     | Identified the amulet of Urupnoor {Acrobat Int+5 Dex+4}
 33499 | D:13     | Found a gate to the Vaults.
 33830 | Spider:1 | Entered Level 1 of the Spider Nest
 34266 | Spider:1 | Reached skill level 19 in Unarmed Combat
 34837 | Spider:2 | Received a gift from Nemelex Xobeh
 35520 | Spider:2 | Reached XP level 17. HP: 43/154 MP: 25/25
 37353 | Spider:2 | Reached skill level 20 in Unarmed Combat
 37636 | Spider:3 | Reached skill level 15 in Fighting
 38106 | Spider:3 | Received a gift from Nemelex Xobeh
 38607 | Spider:4 | Entered Level 4 of the Spider Nest
 41300 | Spider:3 | Lost intelligence.
 41675 | Spider:3 | Identified the -1 quarterstaff "Doanat" {drain, *Slow
                  | Int+5}
 42182 | Spider:4 | Blown up by an orb spider

Illustrated notes

Levels and vault maps discovered:
D:1:      shiori_arrival_whats_in_store_for_you, layout_loops_corners,
          ebering_ecumenical_altar_sacrificial
D:2:      layout_basic, basic_altar, reono_crystal_passage
D:3:      layout_loops_ring, serial_bayou_pond_c
D:4:      layout_basic, nicolae_uskayaw_suspiria, nemelex_dance_club_becter
D:5:      layout_basic, serial_shops, nicolae_square_shop,
          pf_guarded_unrand_meek, uniq_pikel
D:6:      layout_basic, jmf_multi_god_temple, uniq_duvessa, uniq_blork_the_orc
D:7:      layout_cave_pools, minmay_temple_entry_antechambers, uniq_maggie
D:8:      layout_loops_ring, pf_just_have_faith, lair_entry_dummy,
          minmay_misc_feat_plants, serial_park_tiny_2, st_stairs_7, uniq_joseph
D:9:      layout_irregular_city, mainiacjoe_overflow_six_doors_small,
          nicolae_wu_jian_wuxing_cycle, nicolae_overflow_quartered_altars,
          zombieorc2_lemuel, uniq_psyche, uniq_grum
D:10:     layout_roguey, minmay_misc_feat_roman, uniq_urug, uniq_sonja
D:11:     minmay_bubble_buster, layout_long_grid
D:12:     minmay_skewed_foursquare, layout_loops_corners,
          minmay_misc_feat_four_crosses, uniq_fannar
D:13:     layout_loops_corners, grunt_vaults_entry_fortified
D:14:     gammafunk_sealed_arena, layout_rooms, ebering_ghost_xom,
          amcnicky_mini_rare_corridor_liquid, hex_tiny
D:15:     gammafunk_depths_entry_grave, layout_stronghold,
          hangedman_decor_points, gammafunk_ghost_hydra_chop, uniq_kirke,
          uniq_roxanne, uniq_josephine
Temple:   hellmonk_temple_divided_pantheon
Lair:1:   layout_hall_layers, grunt_megastairs_2
Lair:2:   layout_long_grid
Lair:3:   beast_lair_carwin_large_4, layout_hall_layers,
          nicolae_swamp_entry_splash_gauntlet,
          hellmonk_spider_entry_life_and_decay
Lair:4:   beast_lair_carwin_large_3, layout_regular_city, slime_entry_1,
          gammafunk_ghost_ooze, gauntlet_entry_generic,
          amcnicky_altar_lugonu_corruption
Lair:5:   evilmike_catoblepas_cave, layout_hall_layers
Spider:1: layout_spider_delve
Spider:2: layout_spider_delve
Spider:3: layout_spider_delve
Spider:4: guppyfry_spider_rune, nicolae_spider_circle_web
Orc:1:    layout_caves, basic_altar, uniq_erica
Orc:2:    st_orc_town, layout_diamond_mine, basic_altar

Skill      XL: |  1  2  3  4  5  6  7  8  9 10 11 12 13 14 15 16 17 |
---------------+----------------------------------------------------+-----
Unarmed Combat | 4 5 6 7 9 10 11 13 15 17 19 20 | 20.0
Fighting       | 4 6 7 10 11 12 14 15 | 15.0
Armour         | 3 5 7 10 14 15 | 15.0
Invocations    | 9 13 | 13.0
Shields        | 3 5 9 |  9.6
Dodging        | |  2.6
Stealth        | |  2.1

Action                   |  1- 3 |  4- 6 |  7- 9 | 10-12 | 13-15 | 16-18 || total
-------------------------+-------+-------+-------+-------+-------+-------++-------
Melee: Unarmed           |    98 |   240 |   286 |   461 |  1324 |  1151 ||  3560
       Punch             |       |     5 |    20 |    49 |   147 |       ||   221
Throw: Boomerang         |       |       |     8 |       |       |       ||     8
       Dart              |       |       |       |     1 |       |       ||     1
Invok: Draw Destruction  |       |     2 |     4 |    16 |    22 |     2 ||    46
       Draw Summoning    |       |       |       |     3 |     3 |     6 ||    12
       Draw Escape       |       |       |       |     1 |     2 |       ||     3
       Draw Stack        |       |       |       |       |     1 |    14 ||    15
       Deal Four         |       |       |       |       |     1 |     4 ||     5
       Stack Five        |       |       |       |       |     1 |     2 ||     3
       Triple Draw       |       |       |       |       |       |     1 ||     1
Evoke: Wand              |       |       |       |       |       |    13 ||    13
  Use: Potion            |     1 |       |       |     2 |    10 |     4 ||    17
       Scroll            |       |     6 |     5 |     2 |    20 |     3 ||    36
 Stab: Sleeping          |     1 |     1 |       |       |       |       ||     2
       Petrified         |       |       |       |       |     5 |       ||     5
Armor: Robe              |    16 |       |       |       |       |       ||    16
       Ring mail         |     8 |    57 |       |       |       |       ||    65
       Scale mail        |       |    27 |    36 |       |       |       ||    63
       Ice dragon scales |       |       |    56 |   221 |   771 |   160 ||  1208
       Chain mail        |       |       |       |       |       |   827 ||   827
       Plate armour      |       |       |       |       |       |    56 ||    56
Dodge: Dodged            |    43 |   132 |   105 |   219 |   597 |   435 ||  1531
       Repelled          |       |       |       |       |     5 |     7 ||    12
Block: Other             |       |       |       |       |   231 |       ||   231
       Reflection        |       |       |       |       |    10 |     7 ||    17
       Buckler           |       |       |       |       |    49 |   448 ||   497
       Tower shield      |       |       |       |       |       |   619 ||   619

Table legend: (Time is in decaauts)
 A = Elapsed time spent in this place.
 B = Non-inter-level travel time spent in this place.
 C = Inter-level travel time spent in this place.
 D = Time resting spent in this place.
 E = Time spent auto-exploring this place.
 F = Levels seen in this place.
 G = Mean time per level.
                   A        B        C        D        E       F      G
               +--------+--------+--------+--------+--------+-----+--------+
         Total |  41566 |  39399 |   2167 |  10343 |  21803 |  28 | 1484.5 |
       Dungeon |  23312 |  21852 |   1460 |   4319 |  13547 |  15 | 1554.1 |
        Temple |     43 |     43 |      0 |      0 |      1 |   1 |   43.0 |
          Lair |   7648 |   7421 |    227 |   1217 |   4972 |   5 | 1529.6 |
   Spider Nest |   8340 |   8074 |    266 |   4764 |   1792 |   4 | 2085.0 |
  Orcish Mines |   1705 |   1492 |    213 |      0 |   1219 |   2 |  852.5 |
      Gauntlet |    515 |    515 |      0 |     42 |    272 |   1 |  515.0 |
               +--------+--------+--------+--------+--------+-----+--------+

Top non-repeatable levels by time:
Spider:3: 4766 daAuts
    D:13: 3513 daAuts
    D:15: 2575 daAuts
    D:11: 2295 daAuts
    D:12: 2248 daAuts
Spider:2: 2228 daAuts
     D:9: 2062 daAuts
  Lair:5: 2029 daAuts
  Lair:3: 1576 daAuts
    D:14: 1534 daAuts
  Lair:2: 1531 daAuts
     D:1: 1408 daAuts
    D:10: 1351 daAuts
  Lair:1: 1341 daAuts
     D:8: 1264 daAuts
